 Dungeon Crawl Stone Soup version 0.29.1-2-gbd0b4ee654 (webtiles) character file.

Game seed: 13139767070132251384

187777 safid the Crack Shot (level 17, -3/182 HPs)
             Began as a Minotaur Hunter on Nov 15, 2022.
             Was the Champion of Okawaru.
             Slain by a redback (18 damage)
             ... summoned by a broodmother
             ... on level 4 of the Spider Nest.
             The game lasted 01:18:38 (24736 turns).

safid the Crack Shot (Minotaur Hunter)             Turns: 24736, Time: 01:18:39

Health: -3/182     AC: 25    Str: 17    XL:     17   Next: 89%
Magic:  25/25      EV: 20    Int:  8    God:    Okawaru [******]
Gold:   4198       SH:  9    Dex: 21    Spells: 16/16 levels left

rFire   + . .      SeeInvis .   I - +3 hand crossbow (flame)
rCold   + . .      Faith    .   J - +1 buckler of the Kraken {rElec Will+}
rNeg    . . .      Spirit   .   K - +4 troll leather armour
rPois   +          Reflect  .   o - +3 hat "Worelita" {Fly}
rElec   +          Harm     .   O - +2 cloak {rPois}
rCorr   .          Rampage  .   w - +2 pair of gloves of Inviolability {rC+ Will+}
Will    ++...                   h - +0 pair of boots of Apathy {Will- Int+2 Slay+3}
Stlth   ++........              f - amulet of regeneration
HPRegen 2.00/turn               x - ring of protection from fire
MPRegen 0.19/turn               d - ring of Meuttihe {AC+4 Slay+6}

@: on berserk cooldown, flying, slowed, very slow
A: horns 2, retaliatory headbutt, robust 1
a: Renounce Religion, Heroism, Finesse, Duel


You were on level 4 of the Spider Nest.
You worshipped Okawaru.
Okawaru was exalted by your worship.
You visited 5 branches of the dungeon, and saw 27 of its levels.
You also visited: Ossuary, Gauntlet and Ice Cave.

You collected 4533 gold pieces.
You spent 335 gold pieces at shops.

Inventory:

Hand Weapons
 I - a +3 hand crossbow of flaming (weapon)
Missiles
 i - 6 silver javelins
 n - a throwing net
 V - 10 curare-tipped darts
Armour
 h - the +0 pair of boots of Apathy (worn) {Will- Int+2 Slay+3}
   (Okawaru gifted it to you on level 15 of the Dungeon)

   Int:       It affects your intelligence (+2).
   Slay:      It affects your accuracy & damage with ranged weapons and melee
   (+3).
   Will:      It decreases your willpower.
 o - the +3 hat "Worelita" (worn) {Fly}
   (Okawaru gifted it to you on level 14 of the Dungeon)

   Fly:       It grants you flight.
 r - a +1 kite shield of cold resistance
 w - the +2 pair of gloves of Inviolability (worn) {rC+ Will+}
   (Okawaru gifted it to you on level 9 of the Dungeon)

   rC:        It protects you from cold.
   Will:      It increases your willpower.
 J - the +1 buckler of the Kraken (worn) {rElec Will+}
   (You found it on level 9 of the Dungeon)

   rElec:     It insulates you from electricity.
   Will:      It increases your willpower.
 K - a +4 troll leather armour (worn)
 O - a +2 cloak of poison resistance (worn)
Jewellery
 d - the ring of Meuttihe (right hand) {AC+4 Slay+6}
   (You acquired it on level 5 of the Dungeon)

   [ring of protection]

   AC:        It affects your AC (+4).
   Slay:      It affects your accuracy & damage with ranged weapons and melee
   (+6).
 e - a ring of positive energy
 f - an amulet of regeneration (around neck)
 k - a ring of ice
 t - a ring of see invisible
 x - a ring of protection from fire (left hand)
 U - a ring of protection from cold
Wands
 g - a wand of light (24)
 D - a wand of iceblast (12)
 F - a wand of paralysis (20)
 G - a wand of mindburst (26)
 P - a wand of flame (18)
 R - a wand of digging (7)
 W - a wand of polymorph (4)
Scrolls
 a - 2 scrolls of enchant armour
 s - 9 scrolls of teleportation
 u - 5 scrolls of blinking
 y - 6 scrolls of fear
 H - 2 scrolls of fog
 N - 3 scrolls of magic mapping
 Q - a scroll of silence
 S - 2 scrolls of poison
 T - a scroll of brand weapon
Potions
 b - 9 potions of curing
 c - 8 potions of haste
 j - 4 potions of ambrosia
 l - 2 potions of brilliance
 m - 8 potions of might
 p - 6 potions of heal wounds
 q - 9 potions of mutation
 v - 3 potions of lignification
 A - 2 potions of resistance
 B - 2 potions of magic
 C - 2 potions of invisibility
 E - a potion of experience {unknown}
 L - a potion of cancellation {unknown}
Miscellaneous
 z - a condenser vane
 M - a phial of floods


   Skills:
 + Level 18.3 Fighting
 + Level 21.7 Ranged Weapons
 - Level 12.0 Armour
 - Level 12.0 Dodging
 - Level 0.7 Stealth
 - Level 14.0 Shields
 - Level 12.0 Invocations


You had 16 spell levels left.
You didn't know any spells.
Your spell library contained the following spells:

 Spells                   Type           Power      Damage    Failure   Level
 Magic Dart               Conj           0%         1d3       50%         1
 Shock                    Conj/Air       0%         1d3       50%         1
 Blink                    Tloc           0%         N/A       65%         2
 Poisonous Vapours        Pois/Air       0%         N/A       65%         2
 Sublimation of Blood     Necr           0%         N/A       65%         2
 Conjure Flame            Conj/Fire      0%         6-21      86%         3
 Ignite Poison            Fire/Tmut/Pois 0%         N/A       86%         3
 Lesser Beckoning         Tloc           0%         N/A       86%         3
 Mephitic Cloud           Conj/Pois/Air  0%         N/A       86%         3
 Ozocubu's Armour         Ice            0%         N/A       86%         3
 Swiftness                Air            0%         N/A       86%         3
 Airstrike                Air            0%         2d(0-16)  99%         4
 Anguish                  Hex/Necr       0%         N/A       99%         4
 Corpse Rot               Necr/Pois/Air  0%         N/A       99%         4
 Petrify                  Tmut/Erth      0%         N/A       99%         4
 Sticky Flame             Conj/Fire      0%         2d3       99%         4
 Irradiate                Conj/Tmut      0%         3d11      100%        5
 Manifold Assault         Tloc           0%         N/A       100%        5
 Metabolic Englaciation   Hex/Ice        0%         N/A       100%        5
 Orb of Destruction       Conj           0%         9d5       100%        7
 Storm Form               Tmut/Air       0%         N/A       100%        7
 Borgnjor's Revivificati  Necr           0%         N/A       100%        8
 Lehudib's Crystal Spear  Conj/Erth      0%         10d2      100%        8
 Necromutation            Tmut/Necr      0%         N/A       100%        8
 Death's Door             Necr           0%         N/A       100%        9
 Summon Small Mammal      Summ           Unusable   N/A       N/A         1
 Call Imp                 Summ           Unusable   N/A       N/A         2
 Summon Guardian Golem    Hex/Summ       Unusable   N/A       N/A         3
 Animate Dead             Necr           Unusable   N/A       N/A         4
 Summon Ice Beast         Ice/Summ       Unusable   N/A       N/A         4
 Simulacrum               Ice/Necr       Unusable   N/A       N/A         6
 Spellforged Servitor     Conj/Summ      Unusable   N/A       N/A         7

Dungeon Overview and Level Annotations

Branches:
Dungeon (15/15)            Temple (1/1) D:5            Lair (5/5) D:11
 Shoals (0/4) Lair:2       Spider (4/4) Lair:3        Slime (0/5) Lair:5
    Orc (2/2) D:12            Elf (0/3) Orc:2        Vaults (0/5) D:14
 Depths (0/4) D:15        Ossuary (visited)           IceCv (visited)
Gauntlet (visited)

Altars:
Ashenzari
Cheibriados
Dithmenos
Elyvilon
Fedhas
Gozag
Hepliaklqana
Kikubaaqudgha
Makhleb
Nemelex Xobeh
Okawaru
Qazlal
Ru
Sif Muna
Trog
Uskayaw
Vehumet
Wu Jian
Xom
Yredelemnul
Zin
The Shining One
Lugonu

Shops:
D:2 [[***   D:10 *   D:11 (   D:15 (   Orc:2 **:(

Portals:
Abyss: D:13
Pandemonium: Orc:2
Trove: D:13 (show slimy rune of Zot)

Annotations:
D:3 1 runed translucent door, Crazy Yiuf


Innate Abilities, Weirdness & Mutations

You have a pair of horns on your head.
You reflexively headbutt those who attack you in melee.
You are robust. (+10% HP)


Message History

You block the redback's attack.
The moth of wrath goads the redback on!
The redback goes berserk!
The redback completely misses you. You furiously retaliate!
You headbutt the redback!
The moth of wrath goads the broodmother on!
The broodmother goes berserk!
The redback misses you. The redback attacks as you move away!
The redback barely misses you. The emperor scorpion barely misses you.
The emperor scorpion claws you but does no damage. x2
The redback barely misses you.
The broodmother rages.
You block the emperor scorpion's attack.
The emperor scorpion barely misses you.
The emperor scorpion claws you but does no damage.
The redback closely misses you. You furiously retaliate!
You headbutt the redback!
You kill the redback!
Okawaru accepts your kill. The emperor scorpion barely misses you.
The emperor scorpion claws you but does no damage.
The emperor scorpion closely misses you.
The emperor scorpion stings you!!
You block the emperor scorpion's attack. x2
The moth of wrath bites you.
The moth of wrath attacks as you move away!
You block the moth of wrath's attack.
The emperor scorpion attacks as you move away!
The emperor scorpion stings you.
The emperor scorpion claws you but does no damage.
The emperor scorpion misses you.
The broodmother attacks as you move away!
The broodmother misses you. The redback bites you.
The redback completely misses you. The broodmother bites you!!
* * * LOW HITPOINT WARNING * * *
The emperor scorpion stings you!!
* * * LOW HITPOINT WARNING * * *
You block the emperor scorpion's attack.
The emperor scorpion claws you!
* * * LOW HITPOINT WARNING * * *
The jumping spider leaps!
The redback bites you!!
You die...

. #..##......##.......# .
##...#.....##^.......#
.###########....#....##..)......#
.†.#~#.#^.#....##.s..#[..........
.#°^.s..#...†..#...(.....^....^..
.#^........................#.#.##
†.~#~#.#~s#.○..y.......#...#####
†###########.†.s.......##..#^..##
^ ##†ss@.......#.##..... ^
#..s..###.^.###...... ^
###.....###.........# #
##......^#......##.#
#.^^<...##.......###
#^.......#..#.^..#
#........##.#....#
#......######.####
#....#......###


You could see a broodmother (berserk), an emperor scorpion (berserk), a moth of
wrath, a jumping spider (summoned), a tarantella (berserk) and a redback
(summoned, berserk).

Vanquished Creatures
  A tengu reaver (D:14)
  Kirke (D:13)
  Donald (Spider:3)
  A fire giant (D:14)
  5 emperor scorpions
  A ghost moth (Spider:1)
  An orc warlord (Orc:1)
  7 entropy weavers
  A minotaur (Gauntlet)
  3 spark wasps
  2 blizzard demons (IceCv)
  A spriggan zombie (D:15)
  9 hydras
  6 boulder beetles
  Fannar (Lair:1)
  4 vault guards
  3 demonspawn (Orc:2)
  4 catoblepae
  8 centaur warriors
  8 two-headed ogres
  8 death yaks (Lair:5)
  4 radroaches
  2 tengu warriors (D:14)
  A deep troll earth mage (D:14)
  A vampire mage (D:15)
  A sun demon (Orc:2)
  7 orc high priests (Orc:2)
  3 skeletal warriors
  A sixfirhy (Orc:2)
  4 sun moths
  9 pharaoh ants
  A death drake (Gauntlet)
  A bog body (IceCv)
  14 spriggan simulacra (IceCv)
  7 orb spiders
  3 lindwurms
  8 steelbarb worms
  A harpy (D:14)
  7 orc knights
  A deep elf zephyrmancer (D:14)
  3 wizards (D:14)
  A shadow dragon zombie (D:15)
  A necromancer (D:15)
  An obsidian statue (IceCv)
  A phantasmal warrior (D:14)
  A wolf spider zombie (Gauntlet)
  22 wolf spiders
  Pikel (D:6)
  3 deep elf pyromancers
  2 ugly things (D:14)
  4 cyclopes
  A harpy (shapeshifter) (D:15)
  5 oklob plants (Lair:5)
  6 orc sorcerers (Orc:2)
  A stone giant zombie (D:15)
  5 manticores
  Maurice (D:8)
  5 moths of wrath
  24 elephants (Lair:5)
  2 black mambas (Lair:2)
  An ice statue (Spider:1)
  Maggie (D:7)
  A torpor snail (Spider:3)
  2 kobold demonologists
  3 rime drakes
  9 demonic crawlers
  8 komodo dragons
  11 cane toads
  A tengu conjurer (D:14)
  An efreet (D:14)
  A hellwing (Orc:2)
  An unseen horror (D:12)
  2 freezing wraiths (IceCv)
  2 anaconda simulacra (IceCv)
  7 ice devils (IceCv)
  A queen bee (shapeshifter) (D:14)
  A polar bear (Lair:2)
  4 hornets (Lair:2)
  A harpy zombie (Gauntlet)
  A wind drake (Lair:2)
  9 trolls
  Grinder (D:6)
  18 tarantellas
  17 blink frogs
  4 dream sheep (Lair:5)
  17 slime creatures
  An ettin skeleton (D:15)
  27 jumping spiders
  7 flying skulls (Gauntlet)
  28 culicivoras
  Sigmund (D:3)
  2 vampires
  A wraith (D:11)
  5 wyverns
  A yak (shapeshifter) (D:14)
  62 yaks
  3 steam dragons
  3 basilisks
  27 humans
  50 redbacks
  5 minotaur simulacra (IceCv)
  5 vampire mosquitoes
  4 harpy simulacra (IceCv)
  A chaos spawn (Orc:2)
  3 wargs
  Menkaure (D:6)
  2 acid dragons
  2 hydra simulacra (IceCv)
  17 water moccasins
  2 hornet zombies (Ossuary)
  34 orc warriors
  A sky beast (D:7)
  2 ice beasts
  An ice beast (shapeshifter) (D:14)
  4 black bears
  2 ettin simulacra (IceCv)
  11 ogres
  11 wolves
  6 centaurs
  A boggart (D:14)
  A lemure (D:6)
  3 kobold brigands
  Blork the orc (D:6)
  13 bullfrogs
  A necrophage (D:8)
  A wyvern zombie (Ossuary)
  2 scorpions
  6 deep troll simulacra (IceCv)
  A water moccasin zombie (Ossuary)
  10 wights
  11 killer bees
  2 lindwurm simulacra (IceCv)
  11 howler monkeys
  9 electric eels
  5 bullfrog zombies (Ossuary)
  2 hounds (D:5)
  6 centaur zombies
  2 jellies
  A gnoll bouda (D:9)
  18 orc priests
  Natasha (thrice) (D:2)
  3 iguanas
  19 orc wizards
  11 mummies (Ossuary)
  4 howler monkey zombies (Ossuary)
  15 gnolls
  3 adders
  3 shadow imps
  2 ufetubi
  2 worms
  2 dart slugs (D:1)
  62 orcs
  3 bats
  5 endoplasms
  2 giant cockroaches
  4 hobgoblins
  2 jackals (D:1)
  A quokka (D:1)
  5 ball pythons
  5 frilled lizards
  7 goblins
  22 kobolds
  3 rats
  2 butterflies (Lair:5)
  A lurking horror (D:13)
997 creatures vanquished.

Vanquished Creatures (others)
  21 fungi
  44 plants
  16 withered plants
81 creatures vanquished.

Grand Total: 1078 creatures vanquished

Notes
Turn   | Place    | Note
-------+----------+-------------------------------------------
     0 | D:1      | safid the Minotaur Hunter began the quest for the Orb.
     0 | D:1      | Reached XP level 1. HP: 18/18 MP: 0/0
   109 | D:1      | Reached XP level 2. HP: 25/25 MP: 1/1
   182 | D:1      | Found a faded altar of an unknown god.
   549 | D:2      | Reached skill level 5 in Ranged Weapons
   549 | D:2      | Reached XP level 3. HP: 31/31 MP: 2/2
   554 | D:2      | Found Duph's Assorted Antiques.
   577 | D:2      | Found Xulit's Assorted Antiques.
   657 | D:2      | Found Jibb's Antique Armour Shop.
   694 | D:2      | Found Jous's Armour Shoppe.
   735 | D:2      | Noticed Natasha
   739 | D:2      | Killed Natasha
   826 | D:2      | Found Icioq's Assorted Antiques.
   910 | D:2      | Bought a glowing shortbow for 150 gold pieces
   947 | D:2      | Noticed Natasha
   951 | D:2      | Killed Natasha
   952 | D:2      | Reached XP level 4. HP: 40/40 MP: 3/3
   983 | D:2      | Noticed Natasha
   989 | D:2      | Killed Natasha
  1437 | D:3      | Found a runed translucent door.
  1438 | D:3      | Noticed Crazy Yiuf
  1877 | D:3      | Found a radiant altar of Vehumet.
  1909 | D:3      | Noticed Sigmund
  1912 | D:3      | Killed Sigmund
  1913 | D:3      | Reached skill level 5 in Fighting
  1913 | D:3      | Reached skill level 6 in Ranged Weapons
  1913 | D:3      | Reached XP level 5. HP: 50/50 MP: 4/4
  1913 | D:3      | Reached XP level 6. HP: 57/57 MP: 5/5
  3116 | D:5      | Entered Level 5 of the Dungeon
  3136 | D:5      | Reached skill level 7 in Ranged Weapons
  3266 | D:5      | Reached XP level 7. HP: 55/64 MP: 6/6
  3336 | D:5      | Found a staircase to the Ecumenical Temple.
  3358 | Temple   | Entered the Ecumenical Temple
  3382 | Temple   | Became a worshipper of Warmaster Okawaru
  3513 | D:5      | Reached skill level 8 in Ranged Weapons
  3764 | D:5      | Identified a scroll of acquirement
  3769 | D:5      | Acquired the ring of Meuttihe {AC+4 Slay+6}
  3802 | D:6      | Reached skill level 1 in Armour
  3802 | D:6      | Reached skill level 1 in Invocations
  3871 | D:6      | Reached XP level 8. HP: 35/74 MP: 7/7
  4144 | D:6      | Reached * piety under Okawaru
  4162 | D:6      | Found a sand-covered staircase.
  4209 | Ossuary  | Entered an ossuary
  4388 | Ossuary  | Reached ** piety under Okawaru
  4407 | Ossuary  | Reached skill level 9 in Ranged Weapons
  4620 | Ossuary  | Reached XP level 9. HP: 73/81 MP: 10/10
  4940 | D:6      | Noticed Blork the orc
  4944 | D:6      | Killed Blork the orc
  4945 | D:6      | Reached skill level 5 in Dodging
  5007 | D:6      | Noticed Pikel
  5012 | D:6      | Killed Pikel
  5012 | D:6      | Reached *** piety under Okawaru
  5013 | D:6      | Reached skill level 5 in Armour
  5569 | D:6      | Noticed Menkaure
  5575 | D:6      | Killed Menkaure
  5610 | D:6      | Noticed Grinder
  5616 | D:6      | Killed Grinder
  5616 | D:6      | Reached **** piety under Okawaru
  5617 | D:6      | Reached skill level 5 in Invocations
  5637 | D:6      | Reached skill level 10 in Ranged Weapons
  5728 | D:6      | Found a hazy altar of Hepliaklqana.
  6260 | D:7      | Found a white marble altar of Elyvilon.
  6282 | D:7      | Noticed Maggie
  6298 | D:7      | Killed Maggie
  6299 | D:7      | Reached XP level 10. HP: 40/88 MP: 13/13
  6773 | D:7      | Acquired a +0 hand crossbow of flaming
  6775 | D:7      | Acquired 890 gold pieces
  7166 | D:8      | Reached ***** piety under Okawaru
  7353 | D:8      | Noticed a two-headed ogre
  7360 | D:8      | Killed a two-headed ogre
  7560 | D:8      | Noticed Maurice
  7564 | D:8      | Killed Maurice
  7565 | D:8      | Reached skill level 11 in Ranged Weapons
  7883 | D:9      | Identified the +2 pair of gloves of Inviolability {rC+
                  | Will+} (Okawaru gifted it to you on level 9 of the Dungeon)
  7883 | D:9      | Received a gift from Okawaru
  7884 | D:9      | Reached skill level 1 in Shields
  8000 | D:9      | Identified the +1 buckler of the Kraken {rElec Will+}
  8038 | D:9      | Identified the +1 chain mail of Twilight {rElec rCorr Str-2
                  | Dex+5}
  8092 | D:9      | Reached XP level 11. HP: 73/94 MP: 15/15
  8189 | D:9      | Noticed a two-headed ogre
  8193 | D:9      | Killed a two-headed ogre
  8312 | D:9      | Noticed a two-headed ogre
  8317 | D:9      | Killed a two-headed ogre
  8318 | D:9      | Reached skill level 12 in Ranged Weapons
  8318 | D:9      | Reached skill level 5 in Shields
  8600 | D:10     | Entered Level 10 of the Dungeon
  8760 | D:10     | Noticed a two-headed ogre
  8765 | D:10     | Killed a two-headed ogre
  8837 | D:10     | Found Ammeoti's General Store.
  8902 | D:10     | Bought a scroll of identify for 24 gold pieces
  9442 | D:11     | Found Tuhoer's Antique Weapon Boutique.
  9502 | D:11     | Received a gift from Okawaru
  9558 | D:11     | Noticed a four-headed hydra
  9562 | D:11     | Killed a four-headed hydra
  9585 | D:11     | Noticed a soul eater
  9689 | D:11     | Got the Papyrus of Iniquitous Magic
  9755 | D:11     | Reached XP level 12. HP: 101/101 MP: 18/18
  9774 | D:11     | Reached ****** piety under Okawaru
  9826 | D:11     | Reached skill level 13 in Ranged Weapons
 10059 | D:11     | Identified the +9 plate armour of Hepliaklqana's Wrath
                  | {Rampage rElec Dex+3}
 10116 | D:11     | Found a staircase to the Lair.
 10124 | Lair:1   | Entered Level 1 of the Lair of Beasts
 10184 | Lair:1   | Identified the +0 robe of a bailey {rF+ rC+ rCorr Int-5}
                  | (Okawaru gifted it to you on level 1 of the Lair of Beasts)
 10184 | Lair:1   | Received a gift from Okawaru
 10417 | Lair:1   | Reached skill level 10 in Invocations
 10617 | Lair:1   | Noticed Fannar
 10632 | Lair:1   | Killed Fannar
 10899 | Lair:2   | Reached skill level 14 in Ranged Weapons
 10965 | Lair:2   | Found a staircase to the Shoals.
 10983 | Lair:2   | Found a gate leading to a gauntlet.
 10993 | Gauntlet | Entered a Gauntlet
 10993 | Gauntlet | Found a transporter.
 10996 | Gauntlet | Found a transporter.
 10999 | Gauntlet | Noticed a reaper
 11014 | Gauntlet | Found a transporter.
 11015 | Gauntlet | Found a transporter.
 11025 | Gauntlet | Found a transporter.
 11043 | Gauntlet | Found the +0 staff of Battle
 11045 | Gauntlet | Found a transporter.
 11048 | Gauntlet | Found a transporter.
 11052 | Gauntlet | Found a transporter.
 11055 | Gauntlet | Noticed a catoblepas
 11075 | Gauntlet | Found a transporter.
 11092 | Gauntlet | Found a transporter.
 11096 | Gauntlet | Found a transporter.
 11107 | Gauntlet | Found a transporter.
 11313 | Gauntlet | Reached skill level 15 in Ranged Weapons
 11337 | Gauntlet | Identified the +0 pair of gloves of the Valley of Death
                  | {rN++ Regen+ MP+9 Dex-5}
 11463 | Gauntlet | Identified the +6 scimitar of the Loving Rat {vorpal, rN++
                  | Dex+3 Stlth+}
 11463 | Gauntlet | Noticed a minotaur
 11469 | Gauntlet | Killed a minotaur
 11470 | Gauntlet | Reached skill level 16 in Ranged Weapons
 11581 | Lair:2   | Received a gift from Okawaru
 11666 | Lair:2   | Identified the +1 pair of boots of Gravitas {+Inv rN+ Int+2
                  | Dex-4} (Okawaru gifted it to you on level 2 of the Lair of
                  | Beasts)
 11666 | Lair:2   | Received a gift from Okawaru
 11794 | Lair:2   | Noticed a catoblepas
 11809 | Lair:2   | Reached XP level 13. HP: 107/107 MP: 19/19
 12644 | Lair:3   | Found a hole to the Spider Nest.
 14211 | Lair:5   | Entered Level 5 of the Lair of Beasts
 14284 | Lair:5   | Received a gift from Okawaru
 14448 | Lair:5   | Reached skill level 10 in Fighting
 14448 | Lair:5   | Reached skill level 10 in Armour
 14448 | Lair:5   | Reached skill level 10 in Shields
 14513 | Lair:5   | Received a gift from Okawaru
 14519 | Lair:5   | Reached XP level 14. HP: 121/121 MP: 20/20
 14612 | Lair:5   | Reached skill level 10 in Dodging
 14649 | Lair:5   | Reached skill level 17 in Ranged Weapons
 14758 | Lair:5   | Identified the +0 robe "Oczul" {rN+ SInv} (Okawaru gifted
                  | it to you on level 5 of the Lair of Beasts)
 14758 | Lair:5   | Received a gift from Okawaru
 15496 | Lair:5   | Got Jyosh's Discursus on the Crystalline Grave
 15559 | Lair:5   | Found a staircase to the Slime Pits.
 15985 | D:12     | Found a staircase to the Orcish Mines.
 16167 | Orc:1    | Entered Level 1 of the Orcish Mines
 16331 | Orc:2    | Entered Level 2 of the Orcish Mines
 16572 | Orc:2    | Found Ciawnah's General Store.
 16575 | Orc:2    | Found Wumeisch's General Store.
 16591 | Orc:2    | Bought a scroll of brand weapon for 133 gold pieces
 16591 | Orc:2    | Bought a scroll of identify for 28 gold pieces
 16642 | Orc:2    | Found a staircase to the Elven Halls.
 16806 | Orc:2    | Identified the +1 cloak of the Lizard {Int+3 SInv} (Okawaru
                  | gifted it to you on level 2 of the Orcish Mines)
 16806 | Orc:2    | Received a gift from Okawaru
 16807 | Orc:2    | Reached XP level 15. HP: 104/130 MP: 22/22
 17030 | Orc:2    | Found Wenwafe's Book Emporium.
 17030 | Orc:2    | Found Risuty's Antique Weapon Shoppe.
 17031 | Orc:2    | Found a one-way gate leading to the halls of Pandemonium.
 17416 | Orc:1    | Noticed an orc warlord
 17427 | Orc:1    | Killed an orc warlord
 17674 | D:13     | Identified the +4 mace "Mumer" {flame, rPois}
 17770 | D:13     | Found a one-way gate to the infinite horrors of the Abyss.
 17936 | D:13     | Noticed Kirke
 17940 | D:13     | Killed Kirke
 17940 | D:13     | Received a gift from Okawaru
 18063 | D:13     | Found a corrupted altar of Lugonu.
 18410 | D:13     | Found a portal to a secret trove of treasure.
 18685 | D:14     | Found a snail-covered altar of Cheibriados.
 18702 | D:14     | Reached skill level 18 in Ranged Weapons
 18863 | D:14     | Identified the +3 hat "Worelita" {Fly} (Okawaru gifted it
                  | to you on level 14 of the Dungeon)
 18863 | D:14     | Received a gift from Okawaru
 19202 | D:14     | Reached XP level 16. HP: 141/141 MP: 24/24
 19260 | D:14     | Noticed a tengu reaver
 19271 | D:14     | Killed a tengu reaver
 19351 | D:14     | Found the +8 frozen axe "Frostbite" {freezing cloud, *Noise
                  | Fly rC+}
 19352 | D:14     | Found the +8 Vampire's Tooth {vamp}
 19578 | D:14     | Found a gate to the Vaults.
 19936 | D:15     | Entered Level 15 of the Dungeon
 19969 | D:15     | Identified the +0 pair of boots of Apathy {Will- Int+2
                  | Slay+3} (Okawaru gifted it to you on level 15 of the
                  | Dungeon)
 19969 | D:15     | Received a gift from Okawaru
 20016 | D:15     | Found a staircase to the Depths.
 20030 | D:15     | Identified the +1 helmet of Paranoia {Rampage Regen+ Dex-5}
 20241 | D:15     | Reached skill level 19 in Ranged Weapons
 20435 | D:15     | Found Taushor's Antique Weapon Shoppe.
 20572 | D:15     | Found a sparkling altar of Nemelex Xobeh.
 20809 | Spider:1 | Entered Level 1 of the Spider Nest
 20842 | Spider:1 | Found a frozen archway.
 20854 | IceCv    | Entered an ice cave
 20934 | IceCv    | Identified the +0 helmet of Experimentation {Harm rF+++
                  | Int+2 Stlth-}
 21404 | IceCv    | Got the Essays on Discontinuous Production
 21451 | Spider:1 | Reached skill level 15 in Fighting
 21613 | Spider:1 | Reached skill level 20 in Ranged Weapons
 21632 | Spider:1 | Identified the +1 hat of the Game of Kings {Harm rC++
                  | Will-} (Okawaru gifted it to you on level 1 of the Spider
                  | Nest)
 21632 | Spider:1 | Received a gift from Okawaru
 22191 | Spider:1 | Reached XP level 17. HP: 151/158 MP: 25/25
 23156 | Spider:2 | Gained mutation: You are frail. (-10% HP) [mutagenic glow]
 23166 | Spider:2 | Gained mutation: Your magical capacity is low. (-10% MP)
                  | [mutagenic glow]
 23189 | Spider:2 | Lost mutation: You are frail. (-10% HP) [potion of
                  | mutation]
 23189 | Spider:2 | Lost mutation: Your magical capacity is low. (-10% MP)
                  | [potion of mutation]
 23189 | Spider:2 | Gained mutation: You are robust. (+10% HP) [potion of
                  | mutation]
 23715 | Spider:3 | Noticed Donald
 23721 | Spider:3 | Killed Donald
 23954 | Spider:4 | Entered Level 4 of the Spider Nest
 23959 | Spider:4 | Reached skill level 21 in Ranged Weapons
 23996 | Spider:4 | Identified the +1 scale mail "Laapleono" {rPois Dex+2}
 24041 | Spider:4 | Identified the +8 sling of Agnosticism {freeze, Fragile
                  | rPois rC+ Int+4} (Okawaru gifted it to you on level 4 of
                  | the Spider Nest)
 24041 | Spider:4 | Received a gift from Okawaru
 24641 | Spider:4 | Received a gift from Okawaru
 24736 | Spider:4 | Slain by a redback

Illustrated notes

Levels and vault maps discovered:
D:1:      dpeg_arrival_solitude, layout_rooms,
          shapermc_ecumenical_altar_totnotflames, feat_on_display
D:2:      layout_loops_ring, serial_shops, nicolae_square_shop,
          nicolae_shop_crystal, shop_coins, nicolae_shop_statue_plus, shop,
          hangedman_feature_mirror, uniq_natasha
D:3:      layout_loops_corners, nicolae_vehumet_radiance,
          uniq_crazy_yiuf_cottage, uniq_sigmund
D:4:      layout_loops_corners
D:5:      layout_basic, temple_green
D:6:      layout_loops_corners, nzn_hepliaklqana_mist_gate, serial_bayou,
          serial_bayou_pond_d, serial_bayou_lagoon_a, serial_bayou_pond_e,
          serial_bayou_lagoon_b, enter_ossuary_2, kennysheep_generic_room_10,
          uniq_blork_the_orc, uniq_menkaure, uniq_pikel, uniq_grinder
D:7:      layout_cave_pools, elyvilon_altar_5, serial_column_ruins,
          column_ruins_grid_1, column_ruins_open_large, column_ruins_grid_1,
          column_ruins_grid_1, uniq_maggie
D:8:      layout_basic, uniq_maurice
D:9:      layout_irregular_city
D:10:     layout_stronghold, serial_shops, nicolae_shop_waterfront,
          kb_lookout_dungeons_type, st_stairs_10
D:11:     layout_gridville, grunt_lair_entry_orc_guard_hut, serial_shops, shop
D:12:     layout_big_octagon, orc_0_dummy
D:13:     layout_loops_corners, enter_trove_5, amcnicky_altar_lugonu_corruption,
          uniq_kirke
D:14:     minmay_nested_s, layout_cave_pods, grunt_vaults_entry_tiered,
          cheibriados_altar_1, grunt_decor_fettered, lightli_minifort
D:15:     gammafunk_depths_entry_grave, layout_loops_ring, serial_shops,
          nicolae_shop_waterfront, nemelex_diamond_rough_becter,
          minmay_fountain_box
Temple:   hellmonk_temple_of_storms
Lair:1:   layout_loops_ring, lemuel_old_faithful, infiniplex_staircase_pool_2,
          grunt_megastairs_1, uniq_fannar
Lair:2:   cheibrodos_lair_overgrown_chateau, layout_cave_pods,
          minmay_shoals_entry_beasts, gauntlet_entry_generic
Lair:3:   layout_regular_city, nicolae_spider_entry_orb_guardian,
          infiniplex_staircase_pool
Lair:4:   layout_gridlike
Lair:5:   evilmike_catoblepas_cave, layout_regular_city,
          minmay_slime_entry_oklob_open, lemuel_fruit_fields, grunt_megastairs_4
Spider:1: layout_cave_pods, portal_ice_cave_entry_ice_statue_one,
          nicolae_spider_webs_and_nodes, nicolae_spider_shape
Spider:2: layout_spider_delve
Spider:3: layout_spider_delve, uniq_donald
Spider:4: guppyfry_spider_rune
Orc:1:    nicolae_orc_accident_1, layout_caves
Orc:2:    pf_orc_diabolical, layout_caves

Skill      XL: |  1  2  3  4  5  6  7  8  9 10 11 12 13 14 15 16 17 |
---------------+----------------------------------------------------+-----
Fighting       | 3 4 5 6 7 8 10 11 12 15 18 | 18.3
Ranged Weapons | 5 6 7 8 9 10 11 12 16 17 18 20 21 | 21.7
Armour         | 1 4 6 8 10 11 12 | 12.0
Invocations    | 1 3 5 7 9 10 11 12 | 12.0
Dodging        | 4 6 8 9 11 12 | 12.0
Shields        | 3 7 8 10 11 13 14 | 14.0
Stealth        | |  0.7

Action                   |  1- 3 |  4- 6 |  7- 9 | 10-12 | 13-15 | 16-18 || total
-------------------------+-------+-------+-------+-------+-------+-------++-------
Melee: Hand crossbow     |       |       |       |       |       |     9 ||     9
       Headbutt          |       |       |       |       |       |     3 ||     3
 Fire: Shortbow          |    64 |   112 |   279 |    45 |       |       ||   500
       Hand crossbow     |       |       |       |   444 |  1077 |   879 ||  2400
Invok: Finesse           |       |       |       |     3 |     5 |     4 ||    12
       Heroism           |       |       |       |     1 |       |       ||     1
  Use: Scroll            |       |       |     9 |    17 |    12 |     7 ||    45
       Potion            |       |       |       |     2 |       |    12 ||    14
Armor: Scale mail        |     9 |    27 |    49 |    18 |       |       ||   103
       Troll leather arm |       |       |       |    99 |   171 |   222 ||   492
Dodge: Dodged            |    10 |    25 |    87 |   174 |   326 |   432 ||  1054
Block: Other             |     1 |    17 |    36 |     9 |       |       ||    63
       Buckler           |       |       |       |    99 |   218 |   236 ||   553
       Reflection        |       |       |       |     1 |       |       ||     1
